 Dungeon Crawl Stone Soup version 0.30-a0-42-g806c11bf1d (webtiles) character file.

Game seed: 18033725886712262484

19 Destapler the Shield-Bearer (level 2, 29/29 HPs)
             Began as a Troll Fighter on Aug 30, 2022.
             Was a Follower of Kikubaaqudgha.
             Got out of the dungeon alive.
             The game lasted 00:02:37 (488 turns).

Destapler the Shield-Bearer (Troll Fighter)          Turns: 488, Time: 00:02:37

Health: 29/29      AC:  4    Str: 23    XL:     2   Next: 55%
Magic:  1/1        EV:  8    Int:  4    God:    Kikubaaqudgha [*.....]
Gold:   77         SH:  7    Dex:  9    Spells: 1/1 levels left

rFire   . . .      SeeInvis .    a - +0 flail
rCold   . . .      Faith    .    c - +0 kite shield
rNeg    . . .      Spirit   .    b - +0 robe
rPois   .          Reflect  .    (helmet restricted)
rElec   .          Harm     .    (no cloak)
rCorr   .          Rampage  .    (gloves unavailable)
Will    .....                    (boots unavailable)
Stlth   +.........               g - amulet of regeneration
HPRegen 1.69/turn                (no ring)
MPRegen 0.07/turn                (no ring)

@: no status effects
A: large, unfitting armour, claws 3, regeneration 1, shaggy fur 1, tough skin 1
a: Renounce Religion, Unearth Wretches


You escaped.
You worshipped Kikubaaqudgha.
Kikubaaqudgha was aware of your devotion.
You visited 1 branch of the dungeon, and saw 1 of its levels.

You collected 77 gold pieces.

Inventory:

Hand Weapons
 a - a +0 flail (weapon)
Armour
 b - a +0 robe (worn)
 c - a +0 kite shield (worn)
Jewellery
 g - an amulet of regeneration (around neck)
Scrolls
 e - a scroll of poison {unknown}
 f - a scroll of acquirement {unknown}
 i - a scroll of teleportation {unknown}
 j - 3 scrolls of identify {unknown}
Potions
 d - a potion of might
 h - a potion of heal wounds {unknown}
 k - a potion of attraction {unknown}
 l - a potion of cancellation {unknown}


   Skills:
 + Level 2.6 Fighting
 + Level 2.1 Maces & Flails
 + Level 2.6 Dodging
 + Level 2.9 Shields


You had one spell level left.
You didn't know any spells.
Your spell library contained the following spells:

 Spells                   Type           Power      Damage    Failure   Level
 Necrotise                Necr           0%         1d4       80%         1
 Sublimation of Blood     Necr           0%         N/A       91%         2
 Anguish                  Hex/Necr       0%         N/A       100%        4
 Animate Dead             Necr           0%         N/A       100%        4


Dungeon Overview and Level Annotations

Branches:
Dungeon (1/15)

Altars:
Kikubaaqudgha


Innate Abilities, Weirdness & Mutations

You are too large for most types of armour.
You have claws for hands.
Your natural rate of healing is unusually fast.
You are covered in fur. (AC +1)
You have tough skin. (AC +1)


Message History

A hobgoblin comes into view.
You closely miss the kobold.
The hobgoblin shouts!
You block the kobold's attack. The kobold hits you with a +0 whip.
You hit the kobold but do no damage. The kobold barely misses you.
You hit the kobold.
The kobold is severely wounded.
The kobold barely misses you. The kobold hits you but does no damage.
You sock the kobold!
You kill the kobold!
You barely miss the hobgoblin.
The hobgoblin hits you but does no damage.
You barely miss the hobgoblin. You block the hobgoblin's attack.
The hobgoblin closely misses you.
You hit the hobgoblin but do no damage. The hobgoblin hits you.
You sock the hobgoblin!
You kill the hobgoblin!
No target in view!
j - 3 scrolls labelled VAKAFA BYBOSHAAH (gained 1)
You now have 77 gold pieces (gained 10).
Found a faded altar of an unknown god.
Found 4 poisoned darts.
There is a faded altar of an unknown god here.
You cannot tell which god this altar belongs to.
Convert to them anyway?
Kikubaaqudgha accepts your prayer! Kikubaaqudgha welcomes you!
You can now bring forth the wretched and dying.
Kikubaaqudgha grants you a gift!
You add the spells Necrotise, Sublimation of Blood, Anguish and Animate Dead to your library.
(D) Dungeon
Where to? (? - help)
Okay, then.
You see here a +0 leather armour.
You see here a +0 spear.
There is an open door here.
You enter the shallow water.
Moving in this stuff is going to be slow.
There is a staircase leading out of the dungeon here.
Are you sure you want to leave the Dungeon?
This will make you lose the game!
You have escaped!

##### #.........####.#... #...#
####.#######.####.####
#...######.....................
#...'.....>....................
#...####.~♣♣♣♣♣♣♣♣♣~..#######.)
#...####~~♣♣♣≈≈≈♣≈♣~~.# #####.
##....##♣♣~~~~~~~~~♣♣.# #...).
#....##♣♣~~~~~~~~~≈♣.####.####
#......♣≈~~~~@~~~~♣♣......##
##...#.♣♣~~~~~~~~~♣♣#......#
#...#.♣≈~~~~~~~~~≈♣#.###.##
#...#.~~≈≈♣♣≈≈♣≈≈~~#.# #.#
#...#..~♣♣♣♣♣♣♣♣♣~...# #.#
#...#.### ####.# #.#
#####.###### #.# #.# #......#
#.# #.. ######.##### #.# ######


There were no monsters in sight!

Vanquished Creatures
  A dart slug (D:1)
  A ball python (D:1)
  An endoplasm (D:1)
  2 giant cockroaches (D:1)
  A goblin (D:1)
  2 hobgoblins (D:1)
  4 kobolds (D:1)
  A quokka (D:1)
  A frilled lizard (D:1)
  2 rats (D:1)
16 creatures vanquished.

Notes
Turn   | Place    | Note
-------+----------+-------------------------------------------
     0 | D:1      | Destapler the Troll Fighter began the quest for the Orb.
     0 | D:1      | Reached XP level 1. HP: 22/22 MP: 0/0
   103 | D:1      | Reached XP level 2. HP: 29/29 MP: 1/1
   438 | D:1      | Found a faded altar of an unknown god.
   442 | D:1      | Prayed at the altar of an unknown god.
   442 | D:1      | Became a worshipper of Kikubaaqudgha
   442 | D:1      | Reached * piety under Kikubaaqudgha
   442 | D:1      | Received a gift from Kikubaaqudgha
   488 | D:$      | Got out of the dungeon alive.

Illustrated notes

Levels and vault maps discovered:
D:1:      reono_arrival_forest_river, layout_basic,
          hellmonk_ecumenical_altar_lost_god, chequers_serial_rivers_marsh

Skill      XL: |  1 |
---------------+----+-----
Maces & Flails | 2 |  2.1
Fighting       | |  2.6
Dodging        | |  2.6
Shields        | |  2.9

Action                   || total
-------------------------++-------
Melee: Flail             ||    54
Armor: Robe              ||    26
Dodge: Dodged            ||    16
Block: Kite shield       ||    24

Table legend: (Time is in decaauts)
 A = Elapsed time spent in this place.
 B = Non-inter-level travel time spent in this place.
 C = Inter-level travel time spent in this place.
 D = Time resting spent in this place.
 E = Time spent auto-exploring this place.
 F = Levels seen in this place.
 G = Mean time per level.
                   A        B        C        D        E       F      G
               +--------+--------+--------+--------+--------+-----+--------+
         Total |    517 |    470 |     47 |      0 |    309 |   1 |  517.0 |
       Dungeon |    517 |    470 |     47 |      0 |    309 |   1 |  517.0 |
               +--------+--------+--------+--------+--------+-----+--------+

Top non-repeatable levels by time:
     D:1: 517 daAuts
